 Dungeon Crawl Stone Soup version 0.21-a0-228-g14ccbf3 (webtiles) character file.

168 Atlas the Sneak (level 5, -3/26 HPs)
             Began as a Vine Stalker Assassin on Aug 31, 2017.
             Killed from afar by an orc wizard (6 damage)
             ... with a puff of frost
             ... on level 3 of the Dungeon.
             The game lasted 00:03:19 (1994 turns).

Atlas the Sneak (Vine Stalker Assassin)             Turns: 1994, Time: 00:03:20

Health: -3/26      AC:  5    Str: 14    XL:     5   Next: 49%
Magic:  0/15       EV: 15    Int: 11    God:
Gold:   107        SH:  0    Dex: 16    Spells: 4/4 levels left

rFire    . . .     SeeInvis .   o - +2 short sword (venom)
rCold    . . .     Gourm    .   (no shield)
rNeg     . . .     Faith    .   j - +0 leather armour
rPois    .         Spirit   +   q - +0 helmet
rElec    .         Reflect  .   d - +0 cloak
rCorr    .         Harm     .   (no gloves)
MR       .....                  (no boots)
Stlth    +++.......             (no amulet)
HPRegen  0.48/turn              u - +3 ring of evasion
MPRegen  0.14/turn              z - ring of magical power

@: no status effects
A: fangs 2, regeneration 1, magic shield, antimagic bite, no potion heal 3, rot
immunity
a: no special abilities


You were on level 3 of the Dungeon.
You were not hungry.

You visited 1 branch of the dungeon, and saw 3 of its levels.

You collected 107 gold pieces.

Inventory:

Hand Weapons
 b - a +0 blowgun
 o - a +2 short sword of venom (weapon)
Missiles
 e - 7 poisoned needles
 f - 2 curare-tipped needles
Armour
 d - a +0 cloak (worn)
 j - a +0 leather armour (worn)
 q - a +0 helmet (worn)
Jewellery
 u - a +3 ring of evasion (left hand)
 y - an uncursed ring of protection from magic
 z - a ring of magical power (right hand)
Scrolls
 i - 3 scrolls of remove curse
 k - 3 scrolls of teleportation
 m - a scroll of enchant weapon {unknown}
 p - a scroll of fear {unknown}
 r - 2 scrolls of identify {unknown}
 w - a scroll of immolation {unknown}
Potions
 c - 4 potions of curing {unknown}
 h - a potion of brilliance {unknown}
 n - a potion of might {unknown}
 s - 2 potions of haste {unknown}
 t - 2 potions of lignification {unknown}
 x - 2 potions of berserk rage {unknown}
Comestibles
 a - 2 chunks of flesh
 g - 2 bread rations
 l - 2 meat rations


   Skills:
 + Level 2.0 Fighting
 + Level 2.8 Short Blades
 + Level 2.2 Throwing
 + Level 0.5 Armour
 + Level 1.7 Dodging
 + Level 6.5 Stealth


You had 4 spell levels left.
You didn't know any spells.

Dungeon Overview and Level Annotations

Branches:
Dungeon (3/15)

Altars:


Innate Abilities, Weirdness & Mutations

You have extremely sharp teeth.
Your natural rate of healing is unusually fast.
When hurt, damage is shared between your health and your magic reserves.
Your bite disrupts and absorbs the magic of your enemies.
Potions cannot restore your health.
You are immune to rotting.


Message History

You are too injured to fight recklessly!
You are too injured to fight recklessly!
You are too injured to fight recklessly!
You hit the orc priest but do no damage.
The orc priest looks even sicker.
The orc priest is moderately wounded.
The orc wizard barely misses you. The orc wizard hits you with a dagger.
The orc priest closely misses you. The orc closely misses you.
The orc wizard gestures at you while chanting.
The puff of flame hits you!
* * * LOW HITPOINT WARNING * * *
The orc wizard casts a spell at you. The magic dart hits you!
* * * LOW HITPOINT WARNING * * *
Okay, then.
Found a club.
You kill the orc priest!
The orc wizard casts a spell at you. The puff of frost hits you!
You die...

. #....... .# #
<##.#.#....#..# #
#...#.#....#..#.#
.................
#..........#.....
..........##.####
.....o.o.......
####.#########o# .##
.).....@.o.o)..####.....
####....................
.....#########..........
#### ########.........##
...........|.......
########.........##
#.).........
#....).....#
#..........#


You could see 2 orc wizards and an orc.

Vanquished Creatures
  An orc priest (D:3)
  Robin (D:2)
  4 adders
  2 worms (D:2)
  3 dart slugs
  2 leopard geckos
  An orc (D:3)
  A ball python (D:3)
  3 giant cockroaches
  19 goblins
  7 hobgoblins (D:2)
  6 jackals (D:2)
  6 kobolds
  6 bats
  6 frilled lizards
  4 rats
72 creatures vanquished.

Notes
Turn   | Place    | Note
-------+----------+-------------------------------------------
     0 | D:1      | Atlas the Vine Stalker Assassin began the quest for the Orb.
     0 | D:1      | Reached XP level 1. HP: 11/11 MP: 2/2
   140 | D:1      | Reached skill level 5 in Stealth
   273 | D:1      | Reached XP level 2. HP: 14/15 MP: 3/3
   511 | D:1      | Reached skill level 1 in Dodging
   784 | D:1      | Reached XP level 3. HP: 17/18 MP: 4/4
  1177 | D:2      | Noticed Robin
  1241 | D:2      | Killed Robin
  1241 | D:2      | Reached skill level 6 in Stealth
  1241 | D:2      | Gained mutation: Your natural rate of healing is unusually fast. [Vine Stalker growth]
  1241 | D:2      | Reached XP level 4. HP: 9/23 MP: 5/5
  1698 | D:2      | Reached XP level 5. HP: 26/26 MP: 6/6
  1994 | D:3      | Killed from afar by an orc wizard

Vault maps used:
D:1:      dpeg_arrival_castle
D:2:      cheibrodos_helix_gallery, uniq_robin
D:3:      first_bread, kennysheep_generic_room_2

Skill      XL: |  1  2  3  4 |
---------------+-------------+-----
Stealth        | 5 6 |  6.5
Dodging        | 1 |  1.7
Short Blades   | 2 |  2.8
Throwing       | 2 |  2.2
Fighting       | 2 |  2.0
Armour         | |  0.5

Action                   |  1- 3 |  4- 6 || total
-------------------------+-------+-------++-------
Melee: Dagger            |    57 |       ||    57
       Bite              |    20 |    17 ||    37
       Short sword       |    42 |    76 ||   118
 Fire: Blowgun           |     9 |       ||     9
  Use: Scroll            |       |     2 ||     2
 Stab: Sleeping          |     3 |     4 ||     7
       Distracted        |     1 |       ||     1
  Eat: Chunk             |     1 |     3 ||     4
Armor: Robe              |    35 |       ||    35
       Leather armour    |    14 |    20 ||    34
Dodge: Dodged            |    53 |    38 ||    91

Table legend:
 A = Spawn XP
 B = Non-spawn XP
 C = Spawn XP percentage of total XP
 D = Spawn monster count
 E = Non-spawn monster count
 F = Spawn count percentage of total count
 G = Total turns spent on level
                    A         B        C        D         E        F      G
               +---------+---------+-------+---------+---------+-------+---------
         Total |      14 |     227 |   5.8 |       8 |      64 |  11.1 |  1994
               +---------+---------+-------+---------+---------+-------+---------
           D:1 |      10 |      30 |  25.0 |       6 |      17 |  26.1 |  1069
           D:2 |       4 |     132 |   2.9 |       2 |      40 |   4.8 |   843
           D:3 |       0 |      65 |   0.0 |       0 |       7 |   0.0 |    82
               +---------+---------+-------+---------+---------+-------+---------
